 Dungeon Crawl Stone Soup version 0.25-a0-782-g655279ceaa (webtiles) character file.

Game seed: 16307146357611338280, levelgen mode: deterministic

14069 GrFlur the Cleaver (level 11, 0/104 HPs)
             Began as a Deep Dwarf Monk on Apr 16, 2020.
             Was a Follower of Trog.
             Slain by a two-headed ogre
             ... wielding a +0 giant club
              (9 damage)
             ... on level 2 of the Orcish Mines.
             The game lasted 02:26:43 (12650 turns).

GrFlur the Cleaver (Deep Dwarf Monk)               Turns: 12650, Time: 02:26:46

Health: 0/104      AC: 19    Str: 16    XL:     11   Next: 83%
Magic:  4/4        EV:  5    Int: 15    God:    Trog [*.....]
Gold:   1250       SH:  8    Dex: 22    Spells: 10/10 levels left

rFire    + . .     SeeInvis .   m - +2 hand axe (elec)
rCold    x . .     Gourm    .   O - +0 kite shield {reflect}
rNeg     + + .     Faith    .   X - +4 plate armour {rF+}
rPois    +         Spirit   .   (no helmet)
rElec    .         Reflect  +   i - +0 cloak
rCorr    .         Harm     .   (no gloves)
MR       +....                  (no boots)
Stlth    ..........             b - amulet of magic regeneration
HPRegen  0.00/turn              Q - +5 ring of dexterity
MPRegen  0.34/turn              d - ring "Wiamp" {rPois rC- rN++ Int+4 Stlth+}

@: berserk cooldown, non-regenerating, slowed, very slow
A: damage resistance, heal wounds, sense surroundings 2, no regeneration
a: Heal Wounds, Berserk, Renounce Religion


You were on level 2 of the Orcish Mines.
You worshipped Trog.
Trog was aware of your devotion.
You were not hungry.

You visited 3 branches of the dungeon, and saw 12 of its levels.

You collected 1250 gold pieces.

Inventory:

Hand Weapons
 j - a +0 dagger of electrocution
 l - a +1 vorpal hand axe
 m - a +2 hand axe of electrocution (weapon)
 n - a +4 dagger
 w - a +1 short sword of holy wrath
 E - a +0 antimagic broad axe
 H - a +0 dagger of venom
 I - a +0 antimagic hand axe
 L - a +2 hand axe of electrocution
 M - a +1 dagger of venom
 P - a +1 dire flail of holy wrath
 S - a +2 scythe of freezing
Missiles
 s - 7 boomerangs (quivered)
Armour
 i - a +0 cloak (worn)
 J - a +2 robe of magic resistance
 O - a +0 kite shield of reflection (worn)
 W - a +1 plate armour
 X - a +4 plate armour of fire resistance (worn)
 Y - a +1 robe of magic resistance
Jewellery
 a - an uncursed ring of protection from cold
 b - an amulet of magic regeneration (around neck)
 d - the ring "Wiamp" (right hand) {rPois rC- rN++ Int+4 Stlth+}
   (You acquired it on level 9 of the Dungeon)

   [ring of intelligence]

   It affects your intelligence (+4).
   It makes you vulnerable to cold.
   It protects you from poison.
   It greatly protects you from negative energy.
   It makes you more stealthy.
 Q - a +5 ring of dexterity (left hand)
 Z - an uncursed ring of fire
Wands
 B - a wand of paralysis (6)
 R - a wand of disintegration (4)
 V - a wand of acid (23)
Scrolls
 g - 2 scrolls of magic mapping
 o - 6 scrolls of enchant armour
 t - a scroll of fear {unknown}
 u - 3 scrolls of teleportation
 y - a scroll of enchant weapon {unknown}
 G - a scroll of vulnerability {unknown}
 K - 3 scrolls of fog
 T - a scroll of remove curse
Potions
 e - 2 potions of mutation {unknown}
 f - a potion of curing
 h - 2 potions of stabbing {unknown}
 k - 4 potions of heal wounds {unknown}
 p - a potion of magic {unknown}
 q - a potion of might {unknown}
 v - 2 potions of ambrosia {unknown}
 A - a potion of resistance {unknown}
 C - 2 potions of berserk rage {unknown}
 D - 2 potions of invisibility
 F - a potion of lignification {unknown}
 N - 2 potions of haste {unknown}
 U - 2 potions of degeneration {unknown}
Comestibles
 c - a ration
 x - a chunk of flesh


   Skills:
 + Level 8.3 Fighting
 + Level 12.7(12.9) Axes
 + Level 3.3(8.4) Maces & Flails
 + Level 5.6 Throwing
 + Level 9.8 Armour
 + Level 5.4 Dodging
 + Level 4.9 Stealth
 + Level 0.1 Shields
   Level 3.0 Invocations
 + Level 0.2 Evocations


You had 10 spell levels left.
You didn't know any spells.
Your spell library contained the following spells:

 Spells                   Type           Power        Failure   Level  Hunger
 Freeze                   Ice            #...         100%        1    ##.....
 Sting                    Tmut/Pois      #...         100%        1    ##.....
 Poisonous Vapours        Pois/Air       #.....       100%        2    ###....
 Frozen Ramparts          Ice            #.....       100%        3    ####...
 Ignite Poison            Fire/Tmut/Pois #.......     100%        3    ####...
 Mephitic Cloud           Conj/Pois/Air  #.......     100%        3    ####...
 Ozocubu's Armour         Chrm/Ice       #.......     100%        3    ####...
 Hailstorm                Conj/Ice       #.......     100%        4    #####..
 Olgreb's Toxic Radiance  Pois           #.......     100%        4    #####..
 Summon Ice Beast         Ice/Summ       #.......     100%        4    #####..
 Bolt of Magma            Conj/Fire/Erth #.........   100%        5    ######.
 Iskenderun's Battlesphe  Conj/Chrm      #.......     100%        5    ######.
 Iron Shot                Conj/Erth      #.........   100%        6    #######
 Orb of Destruction       Conj           #.........   100%        7    #######
 Spellforged Servitor     Conj/Summ      #.........   100%        7    #######


Dungeon Overview and Level Annotations

Branches:
Dungeon (9/15)             Temple (1/1) D:6             Orc (2/2) D:9
    Elf (0/3) Orc:2
   Lair: D:8-11

Altars:
Ashenzari
Cheibriados
Dithmenos
Elyvilon
Fedhas
Gozag
Hepliaklqana
Kikubaaqudgha
Makhleb
Nemelex Xobeh
Okawaru
Qazlal
Ru
Sif Muna
Trog
Uskayaw
Vehumet
Wu Jian
Xom
Yredelemnul
Zin
The Shining One

Shops:
Orc:1 [   Orc:2 ?

Annotations:
Orc:2 Erolcha, Nessos


Innate Abilities, Weirdness & Mutations

You are resistant to damage.
You can heal yourself by infusing magical energy.
You passively map the area around you.
You do not regenerate.


Message History

The two-headed ogre hits you with a +0 dire flail.
The two-headed ogre hits you but does no damage.
The two-headed ogre hits you with a +0 giant club!
The two-headed ogre hits you with a +0 giant spiked club!
* * * LOW HITPOINT WARNING * * *
You block the two-headed ogre's attack.
The two-headed ogre hits you with a +0 giant spiked club!
* * * LOW HITPOINT WARNING * * *
You block the ogre mage's attack.
Unknown command.
Really read the scroll of immolation?
Uppercase [Y]es or [N]o only, please.
Really read the scroll of immolation?
As you read the scroll of immolation, it crumbles to dust.
The creatures around you are filled with an inner flame!
You block the ogre mage's attack. You block the two-headed ogre's attack.
The two-headed ogre hits you with a +0 giant spiked club!
* * * LOW HITPOINT WARNING * * *
The two-headed ogre hits you with a +0 giant club!
You die...

###........##
##.........#..#
#.............#
##............#####
##..............#..##
##........#..#..)....####
#.........####.......O#O##
##.......## ##.....)cO)..#
#......O@##........OO#)##
* ##..<..OO#...........###
* , *
##....OO#..........## , ,
#...............### ,
###......<.....## ,. **
##.........## ##..
##........ .... *
*......... .... , , *
......... **


You could see 4 two-headed ogres and an ogre mage (inner flame).

Vanquished Creatures
  Donald (Orc:2)
  Snorg (Orc:2)
  3 two-headed ogres
  A centaur warrior (D:8)
  An orc knight (Orc:2)
  4 orc sorcerers
  2 trolls
  Grinder (D:3)
  A hippogriff (D:8)
  Sigmund (D:5)
  4 yaks (D:7)
  2 wyverns
  A hungry ghost (D:9)
  Edmund (D:5)
  A warg (Orc:2)
  A water moccasin (D:8)
  2 ice beasts (D:8)
  6 orc warriors
  A phantom (D:5)
  2 black bears
  2 necrophages
  4 sky beasts
  8 ogres
  2 centaurs
  A big kobold (D:8)
  4 bullfrogs
  A water moccasin skeleton (D:4)
  A scorpion (D:8)
  5 killer bees (D:9)
  3 wights (D:4)
  4 crimson imps
  2 bullfrog zombies
  3 jellies
  A bullfrog skeleton (D:6)
  11 orc priests
  4 hounds
  Natasha (D:3)
  2 iguanas
  15 orc wizards
  6 worker ants
  A killer bee zombie (D:8)
  3 hound zombies
  A worker ant zombie (D:5)
  A howler monkey zombie (D:6)
  7 adders
  2 shadow imps
  5 oozes
  3 adder skeletons
  An adder zombie (D:6)
  3 worms
  A dart slug (D:3)
  2 leopard geckos
  71 orcs
  5 giant cockroaches
  6 goblins
  4 hobgoblins
  12 jackals
  6 kobolds
  2 quokkas
  6 bats
  2 frilled lizards
  A jackal skeleton (D:4)
  A jackal zombie (D:8)
  A leopard gecko skeleton (D:4)
  7 rats
  2 bushes (D:5)
  A plant (D:5)
274 creatures vanquished.

Vanquished Creatures (others)
  A sky beast (D:5)
1 creature vanquished.

Grand Total: 275 creatures vanquished

Notes
Turn   | Place    | Note
-------+----------+-------------------------------------------
     0 | D:1      | GrFlur the Deep Dwarf Monk began the quest for the Orb.
     0 | D:1      | Reached XP level 1. HP: 20/20 MP: 1/1
   368 | D:1      | Reached XP level 2. HP: 22/27 MP: 2/2
   438 | D:1      | Found an iron altar of Okawaru.
   843 | D:2      | Reached XP level 3. HP: 14/34 MP: 3/3
  1501 | D:2      | Reached skill level 1 in Axes
  1787 | D:3      | Reached XP level 4. HP: 38/42 MP: 4/4
  1848 | D:3      | Noticed Natasha
  1857 | D:3      | Killed Natasha
  1857 | D:3      | Reached skill level 2 in Axes
  1857 | D:3      | Reached skill level 1 in Armour
  2095 | D:3      | Noticed Grinder
  2100 | D:3      | Paralysed by Grinder for 3 turns
  2107 | D:3      | Paralysed by Grinder for 3 turns
  2118 | D:3      | Killed Grinder
  2118 | D:3      | Reached skill level 3 in Axes
  2118 | D:3      | Reached XP level 5. HP: 43/50 MP: 5/5
  2118 | D:3      | Reached XP level 6. HP: 49/57 MP: 6/6
  2330 | D:3      | Reached skill level 4 in Axes
  2543 | D:4      | Found a sacrificial altar of Ru.
  2579 | D:4      | Found a stormy altar of Qazlal.
  2596 | D:4      | Found a glowing silver altar of Zin.
  2605 | D:4      | Found a blossoming altar of Fedhas.
  2750 | D:4      | Reached skill level 1 in Throwing
  2827 | D:4      | Reached XP level 7. HP: 39/64 MP: 7/7
  2840 | D:4      | Reached skill level 5 in Axes
  2850 | D:4      | Found a white marble altar of Elyvilon.
  2857 | D:4      | Found a basalt altar of Yredelemnul.
  2857 | D:4      | Found an ancient bone altar of Kikubaaqudgha.
  2909 | D:4      | Became a worshipper of Elyvilon the Healer
  2909 | D:4      | Reached * piety under Elyvilon
  2909 | D:4      | Reached ** piety under Elyvilon
  2924 | D:4      | Found a glowing golden altar of the Shining One.
  2940 | D:4      | Found an iron altar of Okawaru.
  3483 | D:4      | Found a hazy altar of Hepliaklqana.
  3504 | D:4      | Found a shimmering altar of Xom.
  3505 | D:4      | Noticed a spectral ugly thing
  3691 | D:5      | Entered Level 5 of the Dungeon
  3764 | D:5      | Reached skill level 6 in Axes
  3839 | D:5      | Reached skill level 1 in Invocations
  4021 | D:5      | Reached XP level 8. HP: 61/72 MP: 9/9
  4077 | D:5      | Reached skill level 7 in Axes
  4596 | D:5      | Noticed Sigmund
  4606 | D:5      | Killed Sigmund
  4606 | D:5      | Was placed under penance by Elyvilon
  4637 | D:5      | Noticed Edmund
  4647 | D:5      | Killed Edmund
  4996 | D:6      | Was forgiven by Elyvilon
  5219 | D:6      | Found a staircase to the Ecumenical Temple.
  5238 | Temple   | Entered the Ecumenical Temple
  5340 | Temple   | Fell from the grace of Elyvilon
  5340 | Temple   | Became a worshipper of Trog the Wrathful
  5494 | D:6      | Reached skill level 8 in Axes
  5839 | D:6      | Noticed a +0 dagger
  5839 | D:6      | Noticed a +0 dagger
  5843 | D:6      | Found a hide-covered altar of Uskayaw.
  6464 | D:7      | Reached skill level 5 in Armour
  6680 | D:7      | Gained mutation: You passively map the area around you.
                  | [Deep Dwarf growth]
  6680 | D:7      | Reached XP level 9. HP: 59/80 MP: 10/10
  6993 | D:7      | Reached skill level 5 in Fighting
  7006 | D:7      | Reached skill level 9 in Axes
  7006 | D:7      | Reached skill level 5 in Dodging
  7363 | D:7      | Identified a scroll of acquirement
  7688 | D:8      | Reached * piety under Trog
  7955 | D:8      | Found a radiant altar of Vehumet.
  7990 | D:8      | Noticed a centaur warrior
  8021 | D:8      | Killed a centaur warrior
  8021 | D:8      | Reached skill level 10 in Axes
  8028 | D:8      | Reached XP level 10. HP: 91/91 MP: 9/9
  8673 | D:9      | Reached skill level 11 in Axes
  8773 | D:9      | Reached ** piety under Trog
  8899 | D:9      | Identified the ring "Wiamp" {rPois rC- rN++ Int+4 Stlth+}
                  | (You acquired it on level 9 of the Dungeon)
  8899 | D:9      | Identified the +5 battleaxe of the Tundras {chaos, rPois
                  | rC- rN+++ Str-3} (You acquired it on level 9 of the
                  | Dungeon)
  9429 | D:9      | Found a staircase to the Orcish Mines.
 10287 | Orc:1    | Entered Level 1 of the Orcish Mines
 10343 | Orc:1    | Noticed an orc sorcerer
 10344 | Orc:1    | Noticed a two-headed ogre
 10360 | Orc:1    | Killed an orc sorcerer
 10369 | Orc:1    | Killed a two-headed ogre
 10370 | Orc:1    | Reached skill level 12 in Axes
 10373 | Orc:1    | Reached XP level 11. HP: 97/100 MP: 8/8
 10474 | Orc:1    | Found Rolum's Antique Armour Emporium.
 10704 | Orc:2    | Entered Level 2 of the Orcish Mines
 10704 | Orc:2    | Noticed an orc sorcerer
 10713 | Orc:2    | Paralysed by an orc sorcerer for 3 turns
 10724 | Orc:2    | Killed an orc sorcerer
 10908 | Orc:2    | Noticed an orc sorcerer
 10909 | Orc:2    | Noticed an orc knight
 10910 | Orc:2    | Found Oskyg's Magic Scroll Shoppe.
 10910 | Orc:2    | Noticed an orc sorcerer
 10911 | Orc:2    | Noticed an orc knight
 10921 | Orc:2    | Killed an orc sorcerer
 10931 | Orc:2    | Killed an orc sorcerer
 10935 | Orc:2    | Noticed an orc sorcerer
 10936 | Orc:2    | Noticed an orc high priest
 10939 | Orc:2    | Noticed Erolcha
 10941 | Orc:2    | Killed an orc knight
 10977 | Orc:2    | Found a staircase to the Elven Halls.
 10978 | Orc:2    | Noticed a two-headed ogre
 10979 | Orc:2    | Noticed a two-headed ogre
 10981 | Orc:2    | Noticed a two-headed ogre
 10981 | Orc:2    | Noticed a two-headed ogre
 10982 | Orc:2    | Noticed a two-headed ogre
 11174 | Orc:2    | Noticed Snorg
 11178 | Orc:2    | Killed a two-headed ogre
 11198 | Orc:2    | Killed Snorg
 11198 | Orc:2    | Reached skill level 5 in Throwing
 11199 | Orc:2    | Noticed an ogre mage
 11210 | Orc:2    | Noticed a two-headed ogre
 11213 | Orc:2    | Noticed Nessos
 11286 | Orc:1    | HP: 5/103 [poisoned by Nessos]
 12450 | Orc:2    | Noticed Donald
 12468 | Orc:2    | Killed Donald
 12645 | Orc:2    | Killed a two-headed ogre
 12650 | Orc:2    | Slain by a two-headed ogre

Levels and vault maps discovered:
D:1:      lightli_arrival_windingriver, layout_loops_ring,
          okawaru_ov_weapons_minmay
D:2:      layout_loops_corners
D:3:      layout_loops_ring, first_ration, uniq_grinder, uniq_natasha
D:4:      layout_loops_ring, regret_index_temple_of_mockery,
          minmay_overflow_temple_star_hex, grunt_temple_overflow_cloverleaf,
          fountainhead, hangedman_abyss_or_decor_stabs
D:5:      layout_basic, supply_closet_lemuel, sigmund_edmund_badplayer
D:6:      layout_layer_cave, dancing_weapons_uskayaw,
          minmay_temple_entry_antechambers
D:7:      layout_loops_corners, small_statue_intersection
D:8:      minmay_ornate_pinched, layout_basic, kennysheep_mini
D:9:      layout_cave_pods, hiddenorc2_lemuel
Temple:   dpeg_three_leaves_temple
Orc:1:    layout_caves, serial_shops, shop, special_room [special_room_kobold],
          nicolae_orc_rich_vein
Orc:2:    st_orc_elflike, layout_diamond_mine, uniq_nessos, uniq_erolcha,
          uniq_snorg, uniq_donald

Skill      XL: |  1  2  3  4  5  6  7  8  9 10 11 |
---------------+----------------------------------+-----
Fighting       | 3 4 6 7 8 |  8.3
Dodging        | 4 5 |  5.4
Axes           | 1 3 4 6 8 10 12 | 12.7
Armour         | 2 3 5 7 9 |  9.8
Throwing       | 1 2 3 4 5 |  5.6
Stealth        | 3 4 |  4.9
Invocations    | 2 3 |  3.0
Maces & Flails | |  3.3
Shields        | |  0.1
Evocations     | |  0.2

Action                   |  1- 3 |  4- 6 |  7- 9 | 10-12 || total
-------------------------+-------+-------+-------+-------++-------
Melee: Mace              |    23 |       |       |       ||    23
       Hand axe          |    79 |    67 |   372 |   381 ||   899
       Whip              |       |       |     4 |       ||     4
Throw: Stone             |       |     8 |       |       ||     8
       Boomerang         |       |    10 |    24 |    62 ||    96
Invok: Lesser Healing    |       |       |    21 |       ||    21
       Divine Protection |       |       |     3 |       ||     3
       Berserk           |       |       |     1 |    11 ||    12
       Trog's Hand       |       |       |       |    25 ||    25
 Abil: Heal Wounds       |     1 |     2 |     7 |    12 ||    22
Evoke: Wand              |       |       |     2 |     1 ||     3
  Use: Scroll            |       |       |    15 |    11 ||    26
       Potion            |       |       |     5 |     1 ||     6
 Stab: Sleeping          |       |       |     1 |       ||     1
  Eat: Chunk             |     3 |     2 |     1 |    12 ||    18
       Ration            |       |     1 |     5 |     7 ||    13
Armor: Chain mail        |    53 |    29 |    84 |       ||   166
       Robe              |     7 |       |    11 |       ||    18
       Plate armour      |       |       |    60 |   172 ||   232
Dodge: Dodged            |    47 |    19 |   120 |   122 ||   308
Block: Kite shield       |       |       |       |    16 ||    16

Table legend:
 A = Non-vault XP
 B = Vault XP
 C = Vault XP percentage of total XP
 D = Non-vault monster count
 E = Vault monster count
 F = Vault count percentage of total count
                 A         B        C        D         E       F
            +---------+---------+-------+---------+---------+-------
      Total |   11810 |    8289 |  41.2 |     218 |      54 |  19.9
            +---------+---------+-------+---------+---------+-------
        D:1 |      36 |       0 |   0.0 |      18 |       0 |   0.0
        D:2 |      55 |       0 |   0.0 |      20 |       0 |   0.0
        D:3 |      78 |     308 |  79.8 |      21 |       2 |   8.7
        D:4 |     539 |       0 |   0.0 |      19 |       0 |   0.0
        D:5 |     729 |     386 |  34.6 |      27 |       2 |   6.9
        D:6 |     276 |       0 |   0.0 |      10 |       0 |   0.0
        D:7 |    1569 |       0 |   0.0 |      17 |       0 |   0.0
        D:8 |    1057 |    2074 |  66.2 |      21 |      11 |  34.4
        D:9 |    1668 |     471 |  22.0 |      26 |      32 |  55.2
      Orc:1 |    2055 |       0 |   0.0 |      13 |       0 |   0.0
      Orc:2 |    3748 |    5050 |  57.4 |      26 |       7 |  21.2
            +---------+---------+-------+---------+---------+-------
